 Dungeon Crawl Stone Soup version 0.21-a0-414-gba8bdf1 (webtiles) character file.

285 slep the Slasher (level 6, -5/46 HPs)
             Began as a Demonspawn Gladiator on Nov 3, 2017.
             Splashed by an oklob plant's acid (7 damage)
             ... on level 3 of the Dungeon.
             The game lasted 00:15:18 (2459 turns).

slep the Slasher (Demonspawn Gladiator)             Turns: 2459, Time: 00:15:18

Health: -5/46      AC: -1    Str: 14    XL:     6   Next: 7%
Magic:  0/6        EV: 13    Int:  9    God:
Gold:   101        SH:  0    Dex: 17    Spells: 5/5 levels left

rFire    . . .     SeeInvis .   v - +2 falchion (flame)
rCold    . . .     Gourm    .   (no shield)
rNeg     . . .     Faith    .   b - +0 leather armour
rPois    +         Spirit   +   c - +0 helmet
rElec    .         Reflect  .   (no cloak)
rCorr    .         Harm     .   (no gloves)
MR       .....     Rnd*Tele +   (no boots)
Stlth    +.........             (no amulet)
HPRegen  0.15/turn              l - ring of poison resistance
MPRegen  0.10/turn              B - ring of teleportation (curse)

@: corroded
A: talons 2, thin metallic scales 1, magic shield
a: no special abilities


You were on level 3 of the Dungeon.
You were not hungry.

You visited 1 branch of the dungeon, and saw 3 of its levels.

You collected 101 gold pieces.

Inventory:

Hand Weapons
 a - a +0 long sword
 v - a +2 falchion of flaming (weapon)
Missiles
 d - 2 throwing nets (quivered)
 h - 13 tomahawks
Armour
 b - a +0 leather armour (worn)
 c - a +0 helmet (worn)
Jewellery
 l - a ring of poison resistance (left hand)
 B - a cursed ring of teleportation (right hand)
Scrolls
 e - 2 scrolls of enchant armour {unknown}
 i - a scroll of magic mapping {unknown}
 m - 6 scrolls of teleportation {unknown}
 p - a scroll of recharging {unknown}
 r - a scroll of enchant weapon {unknown}
 x - 2 scrolls of remove curse {unknown}
 y - 3 scrolls of identify {unknown}
 A - a scroll of blinking {unknown}
 C - a scroll of amnesia {unknown}
Potions
 k - a potion of ambrosia {unknown}
 n - a potion of berserk rage {unknown}
 o - a potion of cancellation {unknown}
 q - 2 potions of flight {unknown}
 t - a potion of mutation {unknown}
 u - a potion of heal wounds {unknown}
 w - a potion of curing {unknown}
Comestibles
 f - 4 bread rations
 g - 2 meat rations
 j - 6 fruits
 z - a royal jelly


   Skills:
 + Level 2.9 Fighting
 + Level 4.4 Long Blades
 + Level 1.8 Throwing
 + Level 2.7 Armour
 + Level 3.4 Dodging


You had 5 spell levels left.
You didn't know any spells.

Dungeon Overview and Level Annotations

Branches:
Dungeon (3/15)

Altars:
Dithmenos
Elyvilon
Fedhas
Uskayaw

Annotations:
D:3 2 transporters, exclusion: oklob plant


Innate Abilities, Weirdness & Mutations

You have razor-sharp toenails.
You are partially covered in thin metallic scales. (AC +2)
When hurt, damage is shared between your health and your magic reserves.


Message History

The plant is almost destroyed.
You hit the plant but do no damage. You claw the plant.
The plant is almost destroyed.
You hit the plant. You burn the plant.
The plant is almost destroyed.
You hit the plant. You burn the plant.
You destroy the plant!
The oklob plant spits acid at you. The splash of acid hits you!
The acid corrodes you!
You are splashed with acid!
The acid burns!
You hit the plant. You burn the plant.
The plant is lightly damaged.
The oklob plant spits acid at you. The splash of acid hits you!
You are splashed with acid!
The acid burns!
* * * LOW HITPOINT WARNING * * *
The oklob plant spits acid at you. The splash of acid hits you!
* * * LOW HITPOINT WARNING * * *
The acid corrodes you!
You are splashed with acid!
The acid burns!
You die... #.....#....... ##............ ####......... #################### #.#P.#P.PP♣PP#P.#♣.P #PPP%PPP.#P#P♣PPP#PP #♣P.%%%PP.P♣PP.#PPPP #P..PPPP#.PP#PP♣PPP.

#P♣@PPP#.......PP.PP
#PPP.#P..≈≈.≈≈..P#PP
#PPP....≈≈≈.≈≈≈..#PP
#PPP...≈≈≈≈.≈≈≈≈..P.
#.PP#.≈≈≈≈≈.≈≈≈≈≈.P.
#♣PPP.≈≈≈≈...≈≈≈≈.#P
#PPPP.≈≈≈≈._.≈≈≈≈.♣#
#♣PPP.≈≈≈≈...≈≈≈≈.P♣
#P♣PP.≈≈≈≈≈≈≈≈≈≈≈.P#


You could see an oklob plant.

Vanquished Creatures
  An orc priest (D:3)
  4 orc wizards (D:3)
  5 adders
  An ooze (D:2)
  3 worms
  2 dart slugs (D:1)
  3 leopard geckos
  8 orcs
  3 ball pythons
  6 giant cockroaches
  11 goblins
  5 hobgoblins
  A quokka (D:2)
  6 bats
  6 frilled lizards
  10 kobolds
  2 rats
  2 plants (D:3)
79 creatures vanquished.

Notes
Turn   | Place    | Note
-------+----------+-------------------------------------------
     0 | D:1      | slep the Demonspawn Gladiator began the quest for the Orb.
     0 | D:1      | Reached XP level 1. HP: 16/16 MP: 1/1
   155 | D:1      | Gained mutation: When hurt, damage is shared between your health and your magic reserves. [demonic ancestry]
   155 | D:1      | Reached XP level 2. HP: 19/22 MP: 2/2
   366 | D:1      | Reached skill level 3 in Long Blades
   822 | D:2      | Gained mutation: You have sharp toenails. [demonic ancestry]
   822 | D:2      | Reached XP level 3. HP: 27/28 MP: 1/3
   848 | D:2      | Reached skill level 1 in Armour
   909 | D:2      | Gained mutation: You are partially covered in thin metallic scales. (AC +2) [demonic ancestry]
   909 | D:2      | Reached XP level 4. HP: 8/34 MP: 1/4
  1079 | D:2      | Found a white marble altar of Elyvilon.
  1457 | D:3      | Reached skill level 4 in Long Blades
  1457 | D:3      | Reached XP level 5. HP: 32/39 MP: 5/5
  1561 | D:3      | Found a hide-covered altar of Uskayaw.
  1699 | D:3      | Found a shadowy altar of Dithmenos.
  1701 | D:3      | Noticed a sky beast
  1702 | D:3      | Noticed an ogre
  1703 | D:3      | Noticed a centaur
  1713 | D:3      | Found a transporter.
  1736 | D:3      | Gained mutation: You have razor-sharp toenails. [demonic ancestry]
  1736 | D:3      | Reached XP level 6. HP: 15/46 MP: 1/6
  1999 | D:3      | Found a blossoming altar of Fedhas.
  2000 | D:3      | Noticed an oklob plant
  2134 | D:3      | Found a transporter.
  2459 | D:3      | HP: 2/46 [oklob plant/splash of acid (8)]
  2459 | D:3      | Splashed by an oklob plant's acid

Vault maps used:
D:1:      saegor_arrival_simple_d, hex_intersection
D:2:      elyvilon_altar_3
D:3:      old_standard_altar, gammafunk_temple_overflow_arena, tgw_fedhas,
          st_stairs_14

Skill      XL: |  1  2  3  4 |
---------------+-------------+-----
Dodging        | 3 |  3.4
Long Blades    | 3 4 |  4.4
Armour         | 1 2 |  2.7
Fighting       | |  2.9
Throwing       | |  1.8

Action                   |  1- 3 |  4- 6 || total
-------------------------+-------+-------++-------
Melee: Long sword        |    97 |       ||    97
       Kick              |    10 |    57 ||    67
       Falchion          |       |   121 ||   121
Throw: Throwing net      |     1 |       ||     1
 Stab: Sleeping          |       |     1 ||     1
  Eat: Chunk             |       |     5 ||     5
Armor: Leather armour    |    23 |    22 ||    45
Dodge: Dodged            |    76 |    57 ||   133
       Rpst.: Long sword |    26 |       ||    26
       Falchion          |       |    24 ||    24

Table legend:
 A = Spawn XP
 B = Non-spawn XP
 C = Spawn XP percentage of total XP
 D = Spawn monster count
 E = Non-spawn monster count
 F = Spawn count percentage of total count
 G = Total turns spent on level
                    A         B        C        D         E        F      G
               +---------+---------+-------+---------+---------+-------+---------
         Total |       0 |     408 |   0.0 |       0 |      77 |   0.0 |  2459
               +---------+---------+-------+---------+---------+-------+---------
           D:1 |       0 |      38 |   0.0 |       0 |      21 |   0.0 |   809
           D:2 |       0 |      85 |   0.0 |       0 |      29 |   0.0 |   597
           D:3 |       0 |     285 |   0.0 |       0 |      27 |   0.0 |  1053
               +---------+---------+-------+---------+---------+-------+---------
